Sewer Rats vs Demolitions
(R2)
Created - May 16, 2020 at 19:32
Goals
|
| Sewer Rats |
0 |
2 |
2 |
4 |
| Demolitions |
4 |
3 |
1 |
8 |
|
Shots
|
| Sewer Rats |
9 |
8 |
15 |
32 |
| Demolitions |
13 |
13 |
8 |
34 |
|
1st period
1. Demolitions , Spencer Machacek 1 (Taylor Beck 1, Daultan Leveillé 1) at 2:53
2. Demolitions , Spencer Machacek 2 (Daultan Leveillé 2) at 5:00
3. Demolitions , Spencer Machacek 3 (Daultan Leveillé 3) at 12:37 (PP)
4. Demolitions , Spencer Machacek 4 (Taylor Beck 2) at 17:31
Penalties :
Jarred Tinordi (Tol) for Close Hand On Puck (Minor) at 12:31
2nd period
5. Sewer Rats , Daniel Carr 1 (Luke Witkowski 1, Jarred Tinordi 1) at 0:39
6. Sewer Rats , Erik Condra 1 (Tomas Tatar 1, Jarred Tinordi 2) at 4:18
7. Demolitions , Lane MacDermid 1 (Andrej Nestrasil 1) at 13:04
8. Demolitions , Dennis Everberg 1 (Phil McRae 1, J.T. Brown 1) at 15:15
9. Demolitions , J.T. Brown 1 (Andrej Nestrasil 2) at 15:56 (PP)
Penalties :
Joel Edmundson (Tol) for High sticking (Minor) at 1:51, Aaron Palushaj (Vic) for Hooking (Minor) at 5:51, Jake Muzzin (Vic) for Tripping (Minor) at 10:20, Mark Mancari (Tol) for Cross-checking (Minor) at 13:07, Stefan Elliott (Tol) for Holding (Minor) at 15:26, Stefan Elliott (Tol) for Tripping (Minor) at 16:16
3rd period
10. Demolitions , Taylor Beck 1 (Spencer Machacek 1, Nick Pryor 1) at 7:00
11. Sewer Rats , Vincent Trocheck 1 (Tomas Tatar 2) at 7:12
12. Sewer Rats , Luke Witkowski 1 (Daniel Carr 1, Ryan Murphy 1) at 17:01
Penalties :
Tomas Tatar (Tol) for Diving (Minor) at 0:18, Stefan Elliott (Tol) for High sticking (Minor) at 8:44, Ryan Pulock (Vic) for Slashing (Minor) at 17:10
Goalie Stats
Darcy Kuemper (Tol), 19 saves from 23 shots - (0.826), L, 0-1-0, 42:29 minutes
Marek Mazanek (Tol), 7 saves from 11 shots - (0.636), 17:31 minutes
Alex Stalock (Vic), 28 saves from 32 shots - (0.875), W, 1-0-0, 60:00 minutes
Players Stats for Sewer Rats
Player Name G A P +/- PIM S H SB GA TA FO MP PP MP PK MP
------------------------------------------------------------------------------------
Anthony Duclair 0 0 0 -3 0 2 0 0 0 0 1/1 11:41 0:00 1:57
Connor Carrick 0 0 0 -1 0 0 0 1 0 1 0/0 5:03 0:00 0:00
Daniel Carr 1 1 2 1 0 3 1 0 0 0 0/0 16:04 2:35 1:24
Dmitrij Jaskin 0 0 0 -1 0 0 3 0 1 0 0/0 7:36 0:10 0:00
Erik Condra 1 0 1 -1 0 1 3 1 0 0 1/1 13:02 0:00 2:52
Jared McCann 0 0 0 -1 0 0 0 0 0 0 2/6 7:25 0:00 0:00
Jarred Tinordi 0 2 2 -2 2 1 4 3 0 3 0/0 27:17 3:33 6:40
Joel Edmundson 0 0 0 1 2 2 1 0 0 1 0/0 18:13 2:24 2:54
John Ramage 0 0 0 1 0 0 0 1 0 0 0/0 13:10 0:00 4:06
Jonathan Marchessault 0 0 0 2 0 3 1 0 1 0 4/10 14:04 2:35 0:00
Joseph Blandisi 0 0 0 -1 0 2 0 0 0 0 0/0 7:25 0:00 0:00
Luke Witkowski 1 1 2 2 0 5 2 0 1 1 1/1 20:11 2:35 6:06
Mark Mancari 0 0 0 -2 2 1 1 1 1 2 4/13 22:18 3:14 5:04
Nick Cousins 0 0 0 -2 0 0 0 1 0 0 2/5 10:05 0:08 0:22
Ryan Murphy 0 1 1 1 0 0 0 0 0 1 0/0 8:56 0:00 0:00
Stefan Elliott 0 0 0 -2 6 4 3 0 0 0 0/0 24:12 3:33 3:37
Steven Kampfer 0 0 0 0 0 0 0 1 0 0 0/0 18:37 2:24 3:45
Tomas Tatar 0 2 2 0 2 5 2 1 3 0 0/2 20:23 3:20 2:12
Vincent Trocheck 1 0 1 -1 0 3 2 0 0 0 15/28 18:37 3:14 1:05
Xavier Ouellet 0 0 0 -1 0 0 0 0 0 0 0/0 5:03 0:00 0:00
Players Stats for Demolitions
Player Name G A P +/- PIM S H SB GA TA FO MP PP MP PK MP
------------------------------------------------------------------------------------
Aaron Palushaj 0 0 0 0 2 1 0 1 0 0 0/0 7:10 0:00 0:00
Alex Hutchings 0 0 0 0 0 1 1 0 0 0 0/0 7:12 0:00 0:27
Andrej Nestrasil 0 2 2 -1 0 1 3 0 0 0 10/15 15:54 5:01 0:00
Brendan Perlini 0 0 0 0 0 0 0 0 0 0 0/0 1:55 0:00 1:22
Christoph Bertschy 0 0 0 0 0 1 0 1 1 0 2/3 6:54 0:00 0:09
Colton Sceviour 0 0 0 0 0 0 0 0 0 0 0/0 0:00 0:00 0:00
Daultan Leveillé 0 3 3 4 0 1 0 0 1 0 20/38 23:50 5:30 3:13
Dennis Everberg 1 0 1 -1 0 3 2 0 0 0 0/0 10:21 0:00 0:00
J.T. Brown 1 1 2 -1 0 3 1 0 0 0 0/1 17:32 5:01 1:38
Jake Muzzin 0 0 0 -1 2 1 2 1 0 2 0/0 27:03 5:39 2:01
Joshua Leivo 0 0 0 -1 0 1 0 0 1 0 0/0 10:21 0:00 0:00
Lane MacDermid 1 0 1 -1 0 1 3 0 1 1 0/1 15:54 5:01 0:00
Michael Ferland 0 0 0 0 0 0 0 0 0 0 0/0 0:00 0:00 0:00
Mitch Callahan 0 0 0 0 0 0 0 0 0 0 0/0 0:04 0:04 0:00
Nick Pryor 0 1 1 3 0 0 2 1 0 0 0/0 10:35 0:00 0:00
Phil McRae 0 1 1 -1 0 1 0 1 1 0 2/2 10:21 0:00 0:00
Robert Bortuzzo 0 0 0 -1 0 1 2 3 0 1 0/0 28:10 5:39 3:08
Ryan Pulock 0 0 0 0 2 1 0 1 1 0 0/0 20:52 4:52 1:54
Spencer Machacek 4 1 5 4 0 9 3 0 1 1 2/5 24:19 5:26 3:27
Taylor Aronson 0 0 0 0 0 1 0 1 1 1 0/0 21:15 4:52 2:49
Taylor Beck 1 2 3 4 0 7 4 0 1 1 1/2 22:08 5:30 1:38
Tommy Vannelli 0 0 0 3 0 0 0 0 0 0 0/0 12:10 0:00 2:02
Tyler Graovac 0 0 0 0 0 0 0 0 0 0 0/0 0:00 0:00 0:00
3 Stars
1 - Spencer Machacek (Vic)
2 - Taylor Beck (Vic)
3 - Daultan Leveillé (Vic)
Power Play
Sewer Rats - 0 on 3 Attempt(s) - 0.00%
Demolitions - 2 on 7 Attempt(s) - 28.57%
Penalty Kill
Sewer Rats - 5 on 7 Attempt(s) - 71.43%
- Score 0 goal in Penalty Kill
Demolitions - 3 on 3 Attempt(s) - 100.00%
- Score 0 goal in Penalty Kill
Team Stat
Sewer Rats - Hits : 23 - Faceoff Wins : 30 - Blocked Shots : 10 - Penalty Minutes : 14
Demolitions - Hits : 23 - Faceoff Wins : 37 - Blocked Shots : 10 - Penalty Minutes : 6
Official
Referees : Unknown
Linesman : Unknown
Game Notes
Spencer Machacek has scored a Hat Trick!
Darcy Kuemper enters game at 17:31 of 1st period
Finance
Level 1 -- Attendance: 2000 (100.00%) -- Ticket Income $26,000
Level 2 -- Attendance: 1000 (100.00%) -- Ticket Income $2,000
Total Attendance: 3000 (100.00%)
Total Ticket Income: $28,000
Other Income: $1,400
Total Income: $29,400
Sewer Rats
5 vs 5 Forward
Center Left Wing Right Wing Time % Phy DF OF
1 Vincent Trocheck Tomas Tatar Mark Mancari 40 1 2 2
2 Jonathan Marchessault Daniel Carr Luke Witkowski 30 1 2 2
3 Nick Cousins Anthony Duclair Erik Condra 20 1 2 2
4 Jared McCann Joseph Blandisi Dmitrij Jaskin 10 1 2 2
5 vs 5 Defense
Defense Defense Time % Phy DF OF
1 Jarred Tinordi Stefan Elliott 40 1 2 2
2 Steven Kampfer Joel Edmundson 30 1 2 2
3 Ryan Murphy John Ramage 20 1 2 2
4 Connor Carrick Xavier Ouellet 10 1 2 2
PowerPlay Forward
Center Left Wing Right Wing Time % Phy DF OF
1 Vincent Trocheck Tomas Tatar Mark Mancari 60 1 2 2
2 Jonathan Marchessault Daniel Carr Luke Witkowski 40 1 2 2
PowerPlay Defense
Defense Defense Time % Phy DF OF
1 Jarred Tinordi Stefan Elliott 60 1 2 2
2 Steven Kampfer Joel Edmundson 40 1 2 2
Penalty Kill 4 Players Forward
Center Wing Time % Phy DF OF
1 Mark Mancari Luke Witkowski 60 1 2 2
2 Tomas Tatar Erik Condra 40 1 2 2
Penalty Kill 4 Players Defense
Defense Defense Time % Phy DF OF
1 Jarred Tinordi Stefan Elliott 60 1 2 2
2 Steven Kampfer Joel Edmundson 40 1 2 2
Penalty Kill - 3 Players Forward
Forward Time % Phy DF OF
1 Mark Mancari 60 1 2 2
2 Luke Witkowski 40 1 2 2
Penalty Kill - 3 Players Defense
Defense Defense Time % Phy DF OF
1 Jarred Tinordi Stefan Elliott 60 1 2 2
2 Steven Kampfer Joel Edmundson 40 1 2 2
4 vs 4 Forward
Center Wing Time % Phy DF OF
1 Mark Mancari Luke Witkowski 60 1 2 2
2 Tomas Tatar Erik Condra 40 1 2 2
4 vs 4 Defense
Defense Defense Time % Phy DF OF
1 Jarred Tinordi Stefan Elliott 60 1 2 2
2 Steven Kampfer Joel Edmundson 40 1 2 2
Last Minutes Offensive
Center Left Wing Right Wing Defense Defense
Vincent Trocheck Tomas Tatar Mark Mancari Jarred Tinordi Stefan Elliott
Last Minutes Defensive
Center Left Wing Right Wing Defense Defense
Vincent Trocheck Tomas Tatar Mark Mancari Jarred Tinordi Stefan Elliott
Goaltenders
Starting : Marek Mazanek
Backup : Darcy Kuemper
Extra Forwards
Normal : Dmitrij Jaskin, Nick Cousins, Anthony Duclair - PP : Dmitrij Jaskin, Nick Cousins - PK : Anthony Duclair
Extra Defensemen
Normal : Ryan Murphy, John Ramage, Connor Carrick - PP : Ryan Murphy - PK : John Ramage, Connor Carrick
Penalty Shots
Mark Mancari, Luke Witkowski, Tomas Tatar, Erik Condra, Vincent Trocheck
Scratches
Dominik Kubalik (Healthy), Josh Archibald (Healthy), Jonathan Racine (Healthy), Tyler Motte (Healthy), Chris Calhan (Healthy)
Mark Friedman (Healthy), Michael Dal Colle (Healthy), Matteson Iacopelli (Healthy), Sergei Kostenko (Healthy), Antoine Bibeau (Healthy)
Demolitions
5 vs 5 Forward
Center Left Wing Right Wing Time % Phy DF OF
1 Daultan Leveillé Taylor Beck Spencer Machacek 40 1 2 2
2 Andrej Nestrasil Lane MacDermid J.T. Brown 30 1 2 2
3 Phil McRae Joshua Leivo Dennis Everberg 20 1 2 2
4 Christoph Bertschy Alex Hutchings Aaron Palushaj 10 1 2 2
5 vs 5 Defense
Defense Defense Time % Phy DF OF
1 Jake Muzzin Robert Bortuzzo 40 1 2 2
2 Ryan Pulock Taylor Aronson 30 1 2 2
3 Nick Pryor Tommy Vannelli 20 1 2 2
4 Jake Muzzin Robert Bortuzzo 10 1 2 2
PowerPlay Forward
Center Left Wing Right Wing Time % Phy DF OF
1 Daultan Leveillé Taylor Beck Spencer Machacek 60 1 2 2
2 Andrej Nestrasil Lane MacDermid J.T. Brown 40 1 2 2
PowerPlay Defense
Defense Defense Time % Phy DF OF
1 Jake Muzzin Robert Bortuzzo 60 1 2 2
2 Ryan Pulock Taylor Aronson 40 1 2 2
Penalty Kill 4 Players Forward
Center Wing Time % Phy DF OF
1 Spencer Machacek Daultan Leveillé 60 1 2 2
2 Taylor Beck J.T. Brown 40 1 2 2
Penalty Kill 4 Players Defense
Defense Defense Time % Phy DF OF
1 Jake Muzzin Robert Bortuzzo 60 1 2 2
2 Ryan Pulock Taylor Aronson 40 1 2 2
Penalty Kill - 3 Players Forward
Forward Time % Phy DF OF
1 Spencer Machacek 60 1 2 2
2 Daultan Leveillé 40 1 2 2
Penalty Kill - 3 Players Defense
Defense Defense Time % Phy DF OF
1 Jake Muzzin Robert Bortuzzo 60 1 2 2
2 Ryan Pulock Taylor Aronson 40 1 2 2
4 vs 4 Forward
Center Wing Time % Phy DF OF
1 Spencer Machacek Daultan Leveillé 60 1 2 2
2 Taylor Beck J.T. Brown 40 1 2 2
4 vs 4 Defense
Defense Defense Time % Phy DF OF
1 Jake Muzzin Robert Bortuzzo 60 1 2 2
2 Ryan Pulock Taylor Aronson 40 1 2 2
Last Minutes Offensive
Center Left Wing Right Wing Defense Defense
Daultan Leveillé Taylor Beck Spencer Machacek Jake Muzzin Robert Bortuzzo
Last Minutes Defensive
Center Left Wing Right Wing Defense Defense
Daultan Leveillé Taylor Beck Spencer Machacek Jake Muzzin Robert Bortuzzo
Goaltenders
Starting : Alex Stalock
Backup : Antti Raanta
Extra Forwards
Normal : Mitch Callahan, Michael Ferland, Brendan Perlini - PP : Mitch Callahan, Michael Ferland - PK : Brendan Perlini
Extra Defensemen
Normal : Nick Pryor, Tommy Vannelli, Ryan Pulock - PP : Nick Pryor - PK : Tommy Vannelli, Ryan Pulock
Penalty Shots
Spencer Machacek, Daultan Leveillé, Taylor Beck, J.T. Brown, Dennis Everberg
Scratches
Thomas DiPauli (Healthy), Taylor Leier (Healthy), Nikita Tryamkin (Left Forearm Injury), Jared Staal (Healthy), Michael Prapavessis (Healthy)
Jaedon Descheneau (Healthy), Jake Paterson (Healthy), Francois Tremblay (Healthy), Brandon Halverson (Healthy)
% Time on Ice - Sewer Rats
Lines # - Real PCT - Wanted PCT - Time Play
Normal Forward
1 - 33% - 40% - 14:28
2 - 28% - 30% - 12:04
3 - 22% - 20% - 9:35
4 - 17% - 10% - 7:25
Normal Defense
1 - 39% - 40% - 17:05
2 - 29% - 30% - 12:28
3 - 21% - 20% - 8:56
4 - 12% - 10% - 5:03
PP Forward
1 - 57% - 60% - 3:22
2 - 43% - 40% - 2:35
PP Defense
1 - 60% - 60% - 3:33
2 - 40% - 40% - 2:24
PK Forward
1 - 73% - 60% - 7:39
2 - 27% - 40% - 2:52
PK Defense
1 - 64% - 60% - 6:46
2 - 36% - 40% - 3:45
PK3 Forward
1 - 0% - 60%
2 - 0% - 40%
PK3 Defense
1 - 0% - 60%
2 - 0% - 40%
44 Forward
1 - 0% - 60%
2 - 0% - 40%
44 Defense
1 - 0% - 60%
2 - 0% - 40%
Last Minute Offensive - 0:00
Last Minute Defensive - 0:00
Total
Forward - 60:00
Defense - 60:00
|
% Time on Ice - Demolitions
Lines # - Real PCT - Wanted PCT - Time Play
Normal Forward
1 - 36% - 40% - 15:33
2 - 25% - 30% - 10:53
3 - 24% - 20% - 10:21
4 - 16% - 10% - 6:45
Normal Defense
1 - 40% - 40% - 17:30
2 - 31% - 30% - 13:34
3 - 24% - 20% - 10:35
4 - 4% - 10% - 1:53
PP Forward
1 - 52% - 60% - 5:30
2 - 48% - 40% - 5:01
PP Defense
1 - 54% - 60% - 5:39
2 - 46% - 40% - 4:52
PK Forward
1 - 73% - 60% - 4:19
2 - 27% - 40% - 1:38
PK Defense
1 - 53% - 60% - 3:08
2 - 47% - 40% - 2:49
PK3 Forward
1 - 0% - 60%
2 - 0% - 40%
PK3 Defense
1 - 0% - 60%
2 - 0% - 40%
44 Forward
1 - 0% - 60%
2 - 0% - 40%
44 Defense
1 - 0% - 60%
2 - 0% - 40%
Last Minute Offensive - 0:00
Last Minute Defensive - 0:00
Total
Forward - 60:00
Defense - 60:00
|
Play-by-Play
1st period
0:01 of 1st period - Vincent Trocheck wins face-off versus Daultan Leveillé in neutral zone.
0:26 of 1st period - Robert Bortuzzo is hit by Stefan Elliott and loses puck.
0:54 of 1st period - Ryan Pulock is hit by Erik Condra and loses puck.
1:44 of 1st period - Vincent Trocheck is hit by Dennis Everberg and loses puck.
1:51 of 1st period - Snap shot by Dennis Everberg.
1:51 of 1st period - Stopped by Marek Mazanek without a rebound.
1:52 of 1st period - Luke Witkowski wins face-off versus J.T. Brown in Sewer Rats zone.
1:59 of 1st period - Wrist shot by Andrej Nestrasil.
1:59 of 1st period - Stopped by Marek Mazanek without a rebound.
2:00 of 1st period - Jonathan Marchessault wins face-off versus Andrej Nestrasil in Sewer Rats zone.
2:00 of 1st period - Jonathan Marchessault is hit by Lane MacDermid.
2:09 of 1st period - Off-side.
2:10 of 1st period - Taylor Beck wins face-off versus Nick Cousins in neutral zone.
2:17 of 1st period - Snap shot by Daultan Leveillé.
2:17 of 1st period - Shot Misses the Net.
2:19 of 1st period - Wrist shot by Daultan Leveillé.
2:19 of 1st period - Deflect By Taylor Beck.
2:19 of 1st period - Shot Misses the Net.
2:19 of 1st period - Puck is out of play.
2:20 of 1st period - Erik Condra wins face-off versus Daultan Leveillé in Sewer Rats zone.
2:49 of 1st period - Wrist shot by Daultan Leveillé.
2:49 of 1st period - Shot Misses the Net.
2:51 of 1st period - Slapshot by Taylor Beck.
2:51 of 1st period - Shot Misses the Net.
2:53 of 1st period - Wrist shot by Spencer Machacek.
2:53 of 1st period - Goal by Spencer Machacek - Sewer Rats : 0 - Demolitions : 1.
2:54 of 1st period - Andrej Nestrasil wins face-off versus Vincent Trocheck in neutral zone.
2:57 of 1st period - Snap shot by J.T. Brown.
2:57 of 1st period - Shot Blocked by Jarred Tinordi.
3:05 of 1st period - Wrist shot by Vincent Trocheck.
3:05 of 1st period - Stopped by Alex Stalock without a rebound.
3:06 of 1st period - Phil McRae wins face-off versus Jonathan Marchessault in Demolitions zone.
3:25 of 1st period - Robert Bortuzzo is hit by Jarred Tinordi and loses puck.
4:02 of 1st period - Snap shot by Vincent Trocheck.
4:02 of 1st period - Stopped by Alex Stalock with a rebound.
4:28 of 1st period - Snap shot by Anthony Duclair.
4:28 of 1st period - Shot Blocked by Jake Muzzin.
4:48 of 1st period - Snap shot by Daniel Carr.
4:48 of 1st period - Stopped by Alex Stalock without a rebound.
4:49 of 1st period - Daultan Leveillé wins face-off versus Vincent Trocheck in Demolitions zone.
4:54 of 1st period - Snap shot by Daultan Leveillé.
4:54 of 1st period - Shot Blocked by Tomas Tatar.
4:56 of 1st period - Snap shot by Taylor Beck.
4:56 of 1st period - Deflect By Spencer Machacek.
4:56 of 1st period - Shot Misses the Net.
4:56 of 1st period - Puck is out of play.
4:57 of 1st period - Daultan Leveillé wins face-off versus Vincent Trocheck in Sewer Rats zone.
5:00 of 1st period - Slapshot by Spencer Machacek.
5:00 of 1st period - Goal by Spencer Machacek - Sewer Rats : 0 - Demolitions : 2.
5:01 of 1st period - Vincent Trocheck wins face-off versus Andrej Nestrasil in neutral zone.
5:08 of 1st period - Wrist shot by Mark Mancari.
5:08 of 1st period - Stopped by Alex Stalock without a rebound.
5:09 of 1st period - Vincent Trocheck wins face-off versus Lane MacDermid in Demolitions zone.
6:13 of 1st period - Snap shot by Tomas Tatar.
6:13 of 1st period - Stopped by Alex Stalock with a rebound.
6:23 of 1st period - Slapshot by Tomas Tatar.
6:23 of 1st period - Stopped by Alex Stalock with a rebound.
7:01 of 1st period - Snap shot by Tomas Tatar.
7:01 of 1st period - Stopped by Alex Stalock without a rebound.
7:02 of 1st period - Jonathan Marchessault wins face-off versus Daultan Leveillé in Demolitions zone.
7:03 of 1st period - Slapshot by Daniel Carr.
7:03 of 1st period - Shot Misses the Net.
7:13 of 1st period - Snap shot by Taylor Beck.
7:13 of 1st period - Stopped by Marek Mazanek without a rebound.
7:14 of 1st period - Daultan Leveillé wins face-off versus Jonathan Marchessault in Sewer Rats zone.
7:17 of 1st period - Snap shot by Spencer Machacek.
7:17 of 1st period - Stopped by Marek Mazanek with a rebound.
7:53 of 1st period - Jake Muzzin is hit by Jarred Tinordi and loses puck.
8:06 of 1st period - Snap shot by Daniel Carr.
8:06 of 1st period - Shot Blocked by Robert Bortuzzo.
8:08 of 1st period - Slapshot by Stefan Elliott.
8:08 of 1st period - Stopped by Alex Stalock with a rebound.
8:10 of 1st period - Slapshot by Anthony Duclair.
8:10 of 1st period - Stopped by Alex Stalock without a rebound.
8:11 of 1st period - Nick Cousins wins face-off versus Daultan Leveillé in Demolitions zone.
9:15 of 1st period - Joseph Blandisi is hit by Taylor Beck and loses puck.
9:49 of 1st period - Jake Muzzin is hit by Erik Condra and loses puck.
10:02 of 1st period - Jarred Tinordi is hit by Lane MacDermid and loses puck.
10:45 of 1st period - Off-side.
10:46 of 1st period - Daultan Leveillé wins face-off versus Jared McCann in neutral zone.
11:13 of 1st period - Tommy Vannelli is hit by Daniel Carr and loses puck.
12:16 of 1st period - Stefan Elliott is hit by Taylor Beck and loses puck.
12:31 of 1st period - Minor Penalty to Jarred Tinordi for Close Hand On Puck.
12:32 of 1st period - Daultan Leveillé wins face-off versus Mark Mancari in Sewer Rats zone.
12:37 of 1st period - Wrist shot by Daultan Leveillé.
12:37 of 1st period - Deflect By Spencer Machacek.
12:37 of 1st period - Goal by Spencer Machacek - Sewer Rats : 0 - Demolitions : 3.
12:38 of 1st period - Jonathan Marchessault wins face-off versus Daultan Leveillé in neutral zone.
12:41 of 1st period - Snap shot by Daniel Carr.
12:41 of 1st period - Shot Misses the Net.
12:51 of 1st period - Snap shot by Taylor Beck.
12:51 of 1st period - Stopped by Marek Mazanek without a rebound.
12:52 of 1st period - Daultan Leveillé wins face-off versus Vincent Trocheck in Sewer Rats zone.
14:10 of 1st period - Snap shot by Dmitrij Jaskin.
14:10 of 1st period - Shot Blocked by Aaron Palushaj.
14:12 of 1st period - Wrist shot by Joel Edmundson.
14:12 of 1st period - Shot Misses the Net.
14:14 of 1st period - Wrist shot by Joel Edmundson.
14:14 of 1st period - Shot Blocked by Taylor Aronson.
14:26 of 1st period - Tomas Tatar is hit by Spencer Machacek and loses puck.
14:57 of 1st period - Wrist shot by Andrej Nestrasil.
14:57 of 1st period - Shot Blocked by Connor Carrick.
15:03 of 1st period - Ryan Pulock is hit by Luke Witkowski and loses puck.
15:38 of 1st period - Christoph Bertschy is hit by Dmitrij Jaskin and loses puck.
16:05 of 1st period - Snap shot by Tomas Tatar.
16:05 of 1st period - Shot Misses the Net.
16:31 of 1st period - Wrist shot by Andrej Nestrasil.
16:31 of 1st period - Shot Misses the Net.
17:27 of 1st period - Wrist shot by Taylor Beck.
17:27 of 1st period - Stopped by Marek Mazanek with a rebound.
17:29 of 1st period - Wrist shot by Taylor Beck.
17:29 of 1st period - Stopped by Marek Mazanek with a rebound.
17:31 of 1st period - Wrist shot by Spencer Machacek.
17:31 of 1st period - Goal by Spencer Machacek - Sewer Rats : 0 - Demolitions : 4.
17:31 of 1st period - Darcy Kuemper enters game.
17:32 of 1st period - Vincent Trocheck wins face-off versus Daultan Leveillé in neutral zone.
18:19 of 1st period - Wrist shot by Christoph Bertschy.
18:19 of 1st period - Shot Misses the Net.
18:21 of 1st period - Snap shot by Christoph Bertschy.
18:21 of 1st period - Stopped by Darcy Kuemper with a rebound.
18:23 of 1st period - Slapshot by Robert Bortuzzo.
18:23 of 1st period - Shot Misses the Net.
18:25 of 1st period - Slapshot by Robert Bortuzzo.
18:25 of 1st period - Shot Misses the Net.
18:27 of 1st period - Slapshot by Jake Muzzin.
18:27 of 1st period - Stopped by Darcy Kuemper with a rebound.
18:29 of 1st period - Slapshot by Robert Bortuzzo.
18:29 of 1st period - Shot Blocked by Nick Cousins.
18:31 of 1st period - Snap shot by Christoph Bertschy.
18:31 of 1st period - Shot Misses the Net.
18:41 of 1st period - Tomas Tatar is hit by Nick Pryor and loses puck.
19:08 of 1st period - Snap shot by Dmitrij Jaskin.
19:08 of 1st period - Shot Misses the Net.
19:25 of 1st period - Icing by Daultan Leveillé.
19:26 of 1st period - Daultan Leveillé wins face-off versus Jonathan Marchessault in Demolitions zone.
Goals for this period are 0 for Sewer Rats vs 4 for Demolitions.
Shots for this period are 9 for Sewer Rats vs 13 for Demolitions.
2nd period
0:01 of 2nd period - Vincent Trocheck wins face-off versus Daultan Leveillé in neutral zone.
0:26 of 2nd period - Robert Bortuzzo is hit by Luke Witkowski and loses puck.
0:37 of 2nd period - Wrist shot by Luke Witkowski.
0:37 of 2nd period - Stopped by Alex Stalock with a rebound.
0:39 of 2nd period - Wrist shot by Daniel Carr.
0:39 of 2nd period - Goal by Daniel Carr - Sewer Rats : 1 - Demolitions : 4.
0:40 of 2nd period - Vincent Trocheck wins face-off versus Daultan Leveillé in neutral zone.
0:43 of 2nd period - Snap shot by Tomas Tatar.
0:43 of 2nd period - Stopped by Alex Stalock with a rebound.
0:45 of 2nd period - Slapshot by Stefan Elliott.
0:45 of 2nd period - Stopped by Alex Stalock without a rebound.
0:46 of 2nd period - Daultan Leveillé wins face-off versus Vincent Trocheck in Demolitions zone.
1:40 of 2nd period - Slapshot by Phil McRae.
1:40 of 2nd period - Stopped by Darcy Kuemper without a rebound.
1:41 of 2nd period - Daultan Leveillé wins face-off versus Vincent Trocheck in Sewer Rats zone.
1:51 of 2nd period - Minor Penalty to Joel Edmundson for High sticking.
1:52 of 2nd period - Daultan Leveillé wins face-off versus Mark Mancari in Sewer Rats zone.
1:54 of 2nd period - Wrist shot by Daultan Leveillé.
1:54 of 2nd period - Shot Blocked by Jarred Tinordi.
1:56 of 2nd period - Wrist shot by Spencer Machacek.
1:56 of 2nd period - Stopped by Darcy Kuemper with a rebound.
1:58 of 2nd period - Wrist shot by Jake Muzzin.
1:58 of 2nd period - Shot Blocked by Mark Mancari.
3:20 of 2nd period - Icing by Taylor Beck.
3:21 of 2nd period - Mark Mancari wins face-off versus Daultan Leveillé in Demolitions zone.
3:51 of 2nd period - Penalty to Joel Edmundson is over, Joel Edmundson is back on ice.
4:18 of 2nd period - Wrist shot by Erik Condra.
4:18 of 2nd period - Goal by Erik Condra - Sewer Rats : 2 - Demolitions : 4.
4:19 of 2nd period - Daultan Leveillé wins face-off versus Vincent Trocheck in neutral zone.
5:07 of 2nd period - Stefan Elliott is hit by Dennis Everberg and loses puck.
5:34 of 2nd period - Jared McCann is hit by Taylor Beck and loses puck.
5:47 of 2nd period - Aaron Palushaj is hit by Tomas Tatar and loses puck.
5:51 of 2nd period - Minor Penalty to Aaron Palushaj for Hooking.
5:52 of 2nd period - Vincent Trocheck wins face-off versus Spencer Machacek in Demolitions zone.
6:53 of 2nd period - Joel Edmundson is hit by Alex Hutchings and loses puck.
7:14 of 2nd period - Snap shot by Taylor Beck.
7:14 of 2nd period - Shot Misses the Net.
7:16 of 2nd period - Wrist shot by J.T. Brown.
7:16 of 2nd period - Shot Misses the Net.
7:44 of 2nd period - Spencer Machacek is hit by Tomas Tatar and loses puck.
7:51 of 2nd period - Penalty to Aaron Palushaj is over, Aaron Palushaj is back on ice.
8:08 of 2nd period - Wrist shot by Aaron Palushaj.
8:08 of 2nd period - Shot Blocked by Erik Condra.
8:16 of 2nd period - Slapshot by Aaron Palushaj.
8:16 of 2nd period - Stopped by Darcy Kuemper without a rebound.
8:17 of 2nd period - Andrej Nestrasil wins face-off versus Jared McCann in Sewer Rats zone.
8:21 of 2nd period - Icing by Joseph Blandisi.
8:22 of 2nd period - Andrej Nestrasil wins face-off versus Jared McCann in Sewer Rats zone.
8:51 of 2nd period - Snap shot by Joshua Leivo.
8:51 of 2nd period - Stopped by Darcy Kuemper with a rebound.
9:11 of 2nd period - Snap shot by Luke Witkowski.
9:11 of 2nd period - Stopped by Alex Stalock without a rebound.
9:12 of 2nd period - Christoph Bertschy wins face-off versus Jonathan Marchessault in Demolitions zone.
9:15 of 2nd period - Snap shot by Daniel Carr.
9:15 of 2nd period - Shot Blocked by Ryan Pulock.
9:21 of 2nd period - Snap shot by Taylor Aronson.
9:21 of 2nd period - Stopped by Darcy Kuemper without a rebound.
9:22 of 2nd period - Daultan Leveillé wins face-off versus Jonathan Marchessault in Sewer Rats zone.
9:23 of 2nd period - Wrist shot by Spencer Machacek.
9:23 of 2nd period - Shot Blocked by Jarred Tinordi.
9:31 of 2nd period - Slapshot by Spencer Machacek.
9:31 of 2nd period - Stopped by Darcy Kuemper with a rebound.
9:33 of 2nd period - Backhand shot by Taylor Aronson.
9:33 of 2nd period - Shot Misses the Net.
9:35 of 2nd period - Slapshot by Ryan Pulock.
9:35 of 2nd period - Stopped by Darcy Kuemper without a rebound.
9:36 of 2nd period - Andrej Nestrasil wins face-off versus Vincent Trocheck in Sewer Rats zone.
10:14 of 2nd period - Snap shot by Jonathan Marchessault.
10:14 of 2nd period - Stopped by Alex Stalock with a rebound.
10:20 of 2nd period - Minor Penalty to Jake Muzzin for Tripping.
10:21 of 2nd period - Spencer Machacek wins face-off versus Vincent Trocheck in Demolitions zone.
10:32 of 2nd period - Taylor Aronson is hit by Jarred Tinordi.
11:10 of 2nd period - Icing by Joel Edmundson.
11:11 of 2nd period - Vincent Trocheck wins face-off versus Taylor Beck in Sewer Rats zone.
12:20 of 2nd period - Penalty to Jake Muzzin is over, Jake Muzzin is back on ice.
12:56 of 2nd period - Snap shot by Andrej Nestrasil.
12:56 of 2nd period - Deflect By Jared McCann.
12:56 of 2nd period - Shot Blocked by John Ramage.
12:56 of 2nd period - Puck is out of play.
12:57 of 2nd period - Andrej Nestrasil wins face-off versus Jared McCann in Sewer Rats zone.
12:58 of 2nd period - Snap shot by J.T. Brown.
12:58 of 2nd period - Stopped by Darcy Kuemper without a rebound.
12:59 of 2nd period - Andrej Nestrasil wins face-off versus Vincent Trocheck in Sewer Rats zone.
13:04 of 2nd period - Snap shot by Lane MacDermid.
13:04 of 2nd period - Goal by Lane MacDermid - Sewer Rats : 2 - Demolitions : 5.
13:05 of 2nd period - Mark Mancari wins face-off versus Daultan Leveillé in neutral zone.
13:07 of 2nd period - Minor Penalty to Mark Mancari for Cross-checking.
13:08 of 2nd period - Anthony Duclair wins face-off versus Daultan Leveillé in Sewer Rats zone.
13:34 of 2nd period - Jake Muzzin is hit by Vincent Trocheck and loses puck.
14:28 of 2nd period - Daniel Carr is hit by Andrej Nestrasil and loses puck.
15:07 of 2nd period - Penalty to Mark Mancari is over, Mark Mancari is back on ice.
15:11 of 2nd period - Wrist shot by J.T. Brown.
15:11 of 2nd period - Stopped by Darcy Kuemper with a rebound.
15:13 of 2nd period - Slapshot by Phil McRae.
15:13 of 2nd period - Shot Blocked by Steven Kampfer.
15:15 of 2nd period - Snap shot by Dennis Everberg.
15:15 of 2nd period - Goal by Dennis Everberg - Sewer Rats : 2 - Demolitions : 6.
15:16 of 2nd period - Phil McRae wins face-off versus Vincent Trocheck in neutral zone.
15:26 of 2nd period - Minor Penalty to Stefan Elliott for Holding.
15:27 of 2nd period - Daultan Leveillé wins face-off versus Mark Mancari in Sewer Rats zone.
15:56 of 2nd period - Slapshot by J.T. Brown.
15:56 of 2nd period - Goal by J.T. Brown - Sewer Rats : 2 - Demolitions : 7.
15:57 of 2nd period - Vincent Trocheck wins face-off versus Daultan Leveillé in neutral zone.
16:04 of 2nd period - Tomas Tatar is hit by Robert Bortuzzo and loses puck.
16:16 of 2nd period - Minor Penalty to Stefan Elliott for Tripping.
16:17 of 2nd period - Daultan Leveillé wins face-off versus Mark Mancari in Sewer Rats zone.
16:19 of 2nd period - Wrist shot by Daultan Leveillé.
16:19 of 2nd period - Shot Misses the Net.
16:43 of 2nd period - John Ramage is hit by J.T. Brown and loses puck.
17:02 of 2nd period - Ryan Pulock is hit by Mark Mancari and loses puck.
17:10 of 2nd period - Icing by Taylor Beck.
17:11 of 2nd period - Mark Mancari wins face-off versus Andrej Nestrasil in Demolitions zone.
17:28 of 2nd period - Slapshot by Taylor Beck.
17:28 of 2nd period - Stopped by Darcy Kuemper with a rebound.
18:16 of 2nd period - Penalty to Stefan Elliott is over, Stefan Elliott is back on ice.
18:29 of 2nd period - Anthony Duclair is hit by Jake Muzzin and loses puck.
18:52 of 2nd period - Dennis Everberg is hit by Dmitrij Jaskin and loses puck.
19:01 of 2nd period - Wrist shot by Joseph Blandisi.
19:01 of 2nd period - Stopped by Alex Stalock with a rebound.
19:33 of 2nd period - Slapshot by Vincent Trocheck.
19:33 of 2nd period - Shot Blocked by Robert Bortuzzo.
19:39 of 2nd period - Snap shot by Vincent Trocheck.
19:39 of 2nd period - Shot Misses the Net.
19:41 of 2nd period - Snap shot by Tomas Tatar.
19:41 of 2nd period - Shot Blocked by Christoph Bertschy.
19:55 of 2nd period - Jared McCann is hit by Spencer Machacek and loses puck.
Goals for this period are 2 for Sewer Rats vs 3 for Demolitions.
Shots for this period are 8 for Sewer Rats vs 13 for Demolitions.
3rd period
0:01 of 3rd period - Vincent Trocheck wins face-off versus Daultan Leveillé in neutral zone.
0:04 of 3rd period - Ryan Pulock is hit by Jarred Tinordi and loses puck.
0:18 of 3rd period - Minor Penalty to Tomas Tatar for Diving.
0:19 of 3rd period - Daultan Leveillé wins face-off versus Mark Mancari in Sewer Rats zone.
0:19 of 3rd period - Wrist shot by Spencer Machacek.
0:19 of 3rd period - Stopped by Darcy Kuemper without a rebound.
0:20 of 3rd period - Daultan Leveillé wins face-off versus Mark Mancari in Sewer Rats zone.
0:25 of 3rd period - Snap shot by Spencer Machacek.
0:25 of 3rd period - Shot Misses the Net.
0:27 of 3rd period - Snap shot by Daultan Leveillé.
0:27 of 3rd period - Stopped by Darcy Kuemper without a rebound.
0:28 of 3rd period - Daultan Leveillé wins face-off versus Mark Mancari in Sewer Rats zone.
0:31 of 3rd period - Backhand shot by Daultan Leveillé.
0:31 of 3rd period - Deflect By Spencer Machacek.
0:31 of 3rd period - Stopped by Darcy Kuemper without a rebound.
0:32 of 3rd period - Mark Mancari wins face-off versus Daultan Leveillé in Sewer Rats zone.
2:01 of 3rd period - Mark Mancari is hit by Taylor Beck and loses puck.
2:18 of 3rd period - Penalty to Tomas Tatar is over, Tomas Tatar is back on ice.
4:04 of 3rd period - Christoph Bertschy is hit by Erik Condra and loses puck.
4:19 of 3rd period - Luke Witkowski is hit by Andrej Nestrasil and loses puck.
5:16 of 3rd period - Snap shot by Daniel Carr.
5:16 of 3rd period - Shot Blocked by Phil McRae.
5:18 of 3rd period - Snap shot by Daniel Carr.
5:18 of 3rd period - Stopped by Alex Stalock with a rebound.
5:20 of 3rd period - Wrist shot by Luke Witkowski.
5:20 of 3rd period - Stopped by Alex Stalock without a rebound.
5:21 of 3rd period - Daultan Leveillé wins face-off versus Vincent Trocheck in Demolitions zone.
5:21 of 3rd period - Daultan Leveillé is hit by Vincent Trocheck.
5:37 of 3rd period - Wrist shot by Taylor Beck.
5:37 of 3rd period - Stopped by Darcy Kuemper without a rebound.
5:38 of 3rd period - Andrej Nestrasil wins face-off versus Jonathan Marchessault in Sewer Rats zone.
6:17 of 3rd period - Off-side.
6:18 of 3rd period - Nick Cousins wins face-off versus Daultan Leveillé in neutral zone.
6:21 of 3rd period - Snap shot by Anthony Duclair.
6:21 of 3rd period - Stopped by Alex Stalock with a rebound.
6:26 of 3rd period - Off-side.
6:27 of 3rd period - Daultan Leveillé wins face-off versus Nick Cousins in neutral zone.
7:00 of 3rd period - Snap shot by Taylor Beck.
7:00 of 3rd period - Goal by Taylor Beck - Sewer Rats : 2 - Demolitions : 8.
7:01 of 3rd period - Vincent Trocheck wins face-off versus Andrej Nestrasil in neutral zone.
7:04 of 3rd period - Slapshot by Jarred Tinordi.
7:04 of 3rd period - Stopped by Alex Stalock without a rebound.
7:05 of 3rd period - Andrej Nestrasil wins face-off versus Tomas Tatar in Demolitions zone.
7:10 of 3rd period - Snap shot by Vincent Trocheck.
7:10 of 3rd period - Shot Blocked by Robert Bortuzzo.
7:12 of 3rd period - Snap shot by Vincent Trocheck.
7:12 of 3rd period - Goal by Vincent Trocheck - Sewer Rats : 3 - Demolitions : 8.
7:13 of 3rd period - Vincent Trocheck wins face-off versus Daultan Leveillé in neutral zone.
7:16 of 3rd period - Daultan Leveillé is hit by Stefan Elliott and loses puck.
7:39 of 3rd period - J.T. Brown is hit by Stefan Elliott and loses puck.
7:44 of 3rd period - Backhand shot by Jonathan Marchessault.
7:44 of 3rd period - Shot Misses the Net.
7:46 of 3rd period - Snap shot by Joel Edmundson.
7:46 of 3rd period - Stopped by Alex Stalock with a rebound.
7:48 of 3rd period - Slapshot by Joel Edmundson.
7:48 of 3rd period - Stopped by Alex Stalock without a rebound.
7:49 of 3rd period - Jonathan Marchessault wins face-off versus Spencer Machacek in Demolitions zone.
7:50 of 3rd period - Wrist shot by Luke Witkowski.
7:50 of 3rd period - Shot Misses the Net.
8:28 of 3rd period - Nick Cousins is hit by Spencer Machacek and loses puck.
8:44 of 3rd period - Minor Penalty to Stefan Elliott for High sticking.
8:45 of 3rd period - Andrej Nestrasil wins face-off versus Mark Mancari in Sewer Rats zone.
8:52 of 3rd period - Off-side.
8:53 of 3rd period - Andrej Nestrasil wins face-off versus Mark Mancari in neutral zone.
9:08 of 3rd period - Wrist shot by J.T. Brown.
9:08 of 3rd period - Shot Misses the Net.
9:42 of 3rd period - Daultan Leveillé is hit by Joel Edmundson and loses puck.
10:41 of 3rd period - Tomas Tatar is hit by Lane MacDermid and loses puck.
10:44 of 3rd period - Penalty to Stefan Elliott is over, Stefan Elliott is back on ice.
11:11 of 3rd period - Icing by Xavier Ouellet.
11:12 of 3rd period - Jared McCann wins face-off versus Christoph Bertschy in Sewer Rats zone.
11:12 of 3rd period - Jared McCann is hit by Nick Pryor.
11:24 of 3rd period - Snap shot by Daniel Carr.
11:24 of 3rd period - Deflect By Jonathan Marchessault.
11:24 of 3rd period - Shot Blocked by Nick Pryor.
11:24 of 3rd period - Puck is out of play.
11:25 of 3rd period - Daultan Leveillé wins face-off versus Tomas Tatar in Demolitions zone.
11:50 of 3rd period - Snap shot by Jonathan Marchessault.
11:50 of 3rd period - Stopped by Alex Stalock with a rebound.
11:52 of 3rd period - Snap shot by Jonathan Marchessault.
11:52 of 3rd period - Stopped by Alex Stalock with a rebound.
11:59 of 3rd period - Icing by Ryan Pulock.
12:00 of 3rd period - Vincent Trocheck wins face-off versus Andrej Nestrasil in Demolitions zone.
12:09 of 3rd period - Wrist shot by Vincent Trocheck.
12:09 of 3rd period - Shot Misses the Net.
12:11 of 3rd period - Slapshot by Stefan Elliott.
12:11 of 3rd period - Stopped by Alex Stalock with a rebound.
12:13 of 3rd period - Snap shot by Stefan Elliott.
12:13 of 3rd period - Stopped by Alex Stalock with a rebound.
12:15 of 3rd period - Wrist shot by Tomas Tatar.
12:15 of 3rd period - Stopped by Alex Stalock with a rebound.
13:05 of 3rd period - Jared McCann is hit by Robert Bortuzzo and loses puck.
14:16 of 3rd period - Snap shot by Dennis Everberg.
14:16 of 3rd period - Stopped by Darcy Kuemper with a rebound.
14:18 of 3rd period - Slapshot by Robert Bortuzzo.
14:18 of 3rd period - Stopped by Darcy Kuemper with a rebound.
14:32 of 3rd period - Wrist shot by Joseph Blandisi.
14:32 of 3rd period - Stopped by Alex Stalock without a rebound.
14:33 of 3rd period - Jared McCann wins face-off versus Daultan Leveillé in Demolitions zone.
14:42 of 3rd period - Daultan Leveillé is hit by Dmitrij Jaskin and loses puck.
15:44 of 3rd period - Wrist shot by Aaron Palushaj.
15:44 of 3rd period - Deflect By Alex Hutchings.
15:44 of 3rd period - Stopped by Darcy Kuemper without a rebound.
15:45 of 3rd period - Christoph Bertschy wins face-off versus Nick Cousins in Sewer Rats zone.
16:31 of 3rd period - Luke Witkowski is hit by Andrej Nestrasil and loses puck.
16:50 of 3rd period - Ryan Murphy is hit by Jake Muzzin and loses puck.
17:01 of 3rd period - Snap shot by Luke Witkowski.
17:01 of 3rd period - Goal by Luke Witkowski - Sewer Rats : 4 - Demolitions : 8.
17:02 of 3rd period - Vincent Trocheck wins face-off versus Daultan Leveillé in neutral zone.
17:10 of 3rd period - Minor Penalty to Ryan Pulock for Slashing.
17:11 of 3rd period - Vincent Trocheck wins face-off versus Spencer Machacek in Demolitions zone.
17:43 of 3rd period - Snap shot by Luke Witkowski.
17:43 of 3rd period - Stopped by Alex Stalock without a rebound.
17:44 of 3rd period - Spencer Machacek wins face-off versus Vincent Trocheck in Demolitions zone.
18:40 of 3rd period - Jake Muzzin is hit by Jonathan Marchessault and loses puck.
19:10 of 3rd period - Penalty to Ryan Pulock is over, Ryan Pulock is back on ice.
Goals for this period are 2 for Sewer Rats vs 1 for Demolitions.
Shots for this period are 15 for Sewer Rats vs 8 for Demolitions.
Back to the Top